[ PARTIDA AOE2 · #478934315 ]
UnrankedBengalíes vs Wei
[ ANÁLISIS DE REPETICIÓN · EXTRAÍDO DE LA PARTIDA GRABADA ]
Feudal
11:49
Castillos
15:44
Imperial
—
| APM promedio | 26.2 |
| APM pico | 71 |
| eAPM promedio | 15.3 |
| Aldeanos / militares | 101 / 37 |
Foco
⚔️ 18.6% · 🌾 81.4%
Ratha (Ranged) ×18 · Armored Elephant ×15 · Monk ×4
Feudal
10:08
Castillos
20:19
Imperial
30:20
| APM promedio | 16.8 |
| APM pico | 29 |
| eAPM promedio | 11.7 |
| Aldeanos / militares | 60 / 37 |
Foco
⚔️ 36.5% · 🌾 63.5%
Archer ×14 · Spearman ×11 · Mangonel ×7 · Battering Ram ×3 · Mangudai ×2
Feudal
10:05
Castillos
16:47
Imperial
33:35
| APM promedio | 21.5 |
| APM pico | 59 |
| eAPM promedio | 13.5 |
| Aldeanos / militares | 88 / 0 |
Foco
⚔️ 20.0% · 🌾 80.0%
Unknown (1944) ×41 · Unknown (1952) ×6
Feudal
10:57
Castillos
17:22
Imperial
—
| APM promedio | 31.3 |
| APM pico | 58 |
| eAPM promedio | 17.2 |
| Aldeanos / militares | 65 / 72 |
Foco
⚔️ 24.0% · 🌾 76.0%
Eagle Scout ×53 · Militia ×12 · Monk ×7
Feudal
10:36
Castillos
18:20
Imperial
—
| APM promedio | 11.8 |
| APM pico | 29 |
| eAPM promedio | 8.1 |
| Aldeanos / militares | 55 / 44 |
Foco
⚔️ 30.7% · 🌾 69.3%
Skirmisher ×38 · Unknown (1920) ×18 · Battering Ram ×6
Feudal
10:57
Castillos
20:17
Imperial
34:41
| APM promedio | 17.3 |
| APM pico | 48 |
| eAPM promedio | 12.6 |
| Aldeanos / militares | 108 / 48 |
Foco
⚔️ 17.7% · 🌾 82.3%
Spearman ×36 · Samurai ×10 · Battering Ram ×2
Feudal
11:17
Castillos
14:50
Imperial
30:15
| APM promedio | 24.9 |
| APM pico | 75 |
| eAPM promedio | 16.1 |
| Aldeanos / militares | 157 / 155 |
Foco
⚔️ 19.0% · 🌾 81.0%
Tarkan ×149 · Monk ×6
Feudal
11:24
Castillos
15:19
Imperial
30:57
| APM promedio | 37.4 |
| APM pico | 92 |
| eAPM promedio | 22.9 |
| Aldeanos / militares | 199 / 57 |
Foco
⚔️ 15.6% · 🌾 84.4%
Samurai ×51 · Mangonel ×4 · Trebuchet (Packed) ×2
Mapa de la partida
Recursos iniciales + cada clic de construcción. Líneas = muros · curvas = relieve. ◆ oro · ⬟ piedra · ● bayas · ✦ reliquia · ◌ hueco del cierre
Inputs por minuto
— Donald Trump - - GoroGorito
Build order — Donald Trump
Primeras 150 de 252 acciones detectadas
| 0:02 | Crear | Villager (Male) |
| 0:02 | Crear | Villager (Male) |
| 0:02 | Crear | Villager (Male) |
| 0:04 | Construir | House |
| 0:05 | Construir | House |
| 0:49 | Crear | Villager (Male) |
| 0:49 | Crear | Villager (Male) |
| 1:37 | Crear | Villager (Male) |
| 1:38 | Crear | Villager (Male) |
| 2:08 | Crear | Villager (Male) |
| 2:08 | Crear | Villager (Male) |
| 2:09 | Crear | Villager (Male) |
| 2:40 | Construir | House |
| 2:46 | Construir | Lumber Camp |
| 3:08 | Construir | House |
| 3:49 | Crear | Villager (Male) |
| 3:49 | Crear | Villager (Male) |
| 3:51 | Crear | Villager (Male) |
| 3:52 | Crear | Villager (Male) |
| 3:55 | Crear | Villager (Male) |
| 3:55 | Crear | Villager (Male) |
| 4:45 | Crear | Villager (Male) |
| 4:46 | Crear | Villager (Male) |
| 4:46 | Crear | Villager (Male) |
| 5:28 | Crear | Villager (Male) |
| 5:28 | Crear | Villager (Male) |
| 5:52 | Crear | Villager (Male) |
| 6:22 | Crear | Villager (Male) |
| 6:22 | Crear | Villager (Male) |
| 6:22 | Crear | Villager (Male) |
| 7:49 | Crear | Villager (Male) |
| 7:49 | Crear | Villager (Male) |
| 8:03 | Construir | Mill |
| 8:38 | Construir | Mining Camp |
| 9:31 | Investigar | Feudal Age |
| 10:30 | Construir | Farm |
| 10:34 | Construir | House |
| 10:37 | Construir | Farm |
| 10:43 | Construir | Farm |
| 10:45 | Crear | Villager (Male) |
| 10:48 | Crear | Villager (Male) |
| 11:17 | Construir | Farm |
| 11:24 | Crear | Villager (Male) |
| 11:49 | Edad | Edad Feudal |
| 11:53 | Construir | Market |
| 11:57 | Construir | Blacksmith |
| 12:01 | Construir | Farm |
| 12:57 | Investigar | Castle Age |
| 12:57 | Investigar | Castle Age |
| 13:05 | Construir | Mining Camp |
| 13:33 | Investigar | Double-Bit Axe |
| 13:34 | Investigar | Double-Bit Axe |
| 13:54 | Investigar | Horse Collar |
| 13:54 | Investigar | Horse Collar |
| 15:16 | Construir | House |
| 15:17 | Construir | House |
| 15:27 | Investigar | Wheelbarrow |
| 15:44 | Edad | Edad de los Castillos |
| 15:50 | Crear | Villager (Male) |
| 16:03 | Construir | Farm |
| 16:03 | Construir | Farm |
| 16:21 | Construir | Farm |
| 16:56 | Crear | Villager (Male) |
| 17:03 | Investigar | Loom |
| 17:06 | Crear | Villager (Male) |
| 17:18 | Construir | Castle |
| 17:18 | Crear | Villager (Male) |
| 17:19 | Crear | Villager (Male) |
| 17:26 | Crear | Villager (Male) |
| 18:03 | Construir | House |
| 18:07 | Construir | Stone Wall |
| 18:22 | Crear | Villager (Male) |
| 18:22 | Crear | Villager (Male) |
| 18:49 | Construir | Town Center |
| 18:58 | Construir | Mining Camp |
| 19:05 | Crear | Villager (Male) |
| 19:07 | Crear | Ratha (Ranged) |
| 19:07 | Crear | Ratha (Ranged) |
| 19:16 | Investigar | Fletching |
| 19:25 | Investigar | Gold Mining |
| 19:33 | Crear | Ratha (Ranged) |
| 19:54 | Crear | Ratha (Ranged) |
| 20:05 | Crear | Villager (Male) |
| 20:07 | Crear | Villager (Male) |
| 20:07 | Crear | Villager (Male) |
| 20:11 | Construir | Farm |
| 20:11 | Construir | Farm |
| 20:18 | Crear | Ratha (Ranged) |
| 20:38 | Construir | Siege Workshop |
| 20:50 | Crear | Ratha (Ranged) |
| 20:50 | Crear | Ratha (Ranged) |
| 21:06 | Crear | Villager (Male) |
| 21:06 | Crear | Villager (Male) |
| 21:09 | Crear | Villager (Male) |
| 21:10 | Crear | Villager (Male) |
| 21:10 | Crear | Villager (Male) |
| 21:37 | Crear | Ratha (Ranged) |
| 21:39 | Crear | Villager (Male) |
| 21:41 | Construir | Farm |
| 21:42 | Construir | Farm |
| 21:42 | Construir | Farm |
| 21:48 | Crear | Villager (Male) |
| 21:48 | Crear | Villager (Male) |
| 21:51 | Crear | Ratha (Ranged) |
| 21:52 | Crear | Ratha (Ranged) |
| 22:26 | Crear | Armored Elephant |
| 22:44 | Construir | Farm |
| 22:44 | Construir | Farm |
| 22:44 | Construir | Farm |
| 22:44 | Construir | Farm |
| 22:45 | Construir | Farm |
| 22:54 | Crear | Villager (Male) |
| 22:55 | Crear | Villager (Male) |
| 22:57 | Crear | Ratha (Ranged) |
| 22:58 | Crear | Ratha (Ranged) |
| 23:21 | Crear | Armored Elephant |
| 23:34 | Crear | Villager (Male) |
| 23:34 | Crear | Villager (Male) |
| 23:46 | Crear | Villager (Male) |
| 23:48 | Crear | Ratha (Ranged) |
| 24:11 | Crear | Armored Elephant |
| 24:13 | Crear | Villager (Male) |
| 24:13 | Crear | Villager (Male) |
| 25:05 | Crear | Armored Elephant |
| 25:06 | Crear | Armored Elephant |
| 25:12 | Crear | Villager (Male) |
| 25:13 | Crear | Villager (Male) |
| 25:27 | Crear | Armored Elephant |
| 25:27 | Crear | Armored Elephant |
| 25:34 | Construir | Monastery |
| 25:42 | Crear | Villager (Male) |
| 25:43 | Crear | Villager (Male) |
| 25:48 | Construir | Farm |
| 25:48 | Construir | Farm |
| 25:51 | Crear | Villager (Male) |
| 25:51 | Crear | Villager (Male) |
| 25:54 | Construir | House |
| 25:55 | Construir | House |
| 25:55 | Construir | House |
| 25:55 | Construir | House |
| 25:57 | Construir | Town Center |
| 26:11 | Investigar | Padded Archer Armor |
| 26:21 | Crear | Monk |
| 26:24 | Crear | Armored Elephant |
| 26:33 | Construir | Barracks |
| 26:37 | Crear | Ratha (Ranged) |
| 26:37 | Crear | Ratha (Ranged) |
| 26:37 | Crear | Ratha (Ranged) |
| 26:51 | Crear | Villager (Male) |
| 26:51 | Crear | Villager (Male) |
Build order — GoroGorito
Primeras 150 de 180 acciones detectadas
| 0:02 | Investigar | Loom |
| 0:03 | Crear | Villager (Male) |
| 0:03 | Crear | Villager (Male) |
| 0:03 | Crear | Villager (Male) |
| 0:04 | Crear | Villager (Male) |
| 0:04 | Crear | Villager (Male) |
| 0:07 | Construir | House |
| 0:09 | Construir | House |
| 0:11 | Construir | House |
| 0:14 | Construir | House |
| 0:47 | Construir | Mill |
| 1:52 | Crear | Villager (Male) |
| 2:27 | Crear | Villager (Male) |
| 2:44 | Crear | Villager (Male) |
| 3:23 | Crear | Villager (Male) |
| 3:37 | Crear | Villager (Male) |
| 4:08 | Crear | Villager (Male) |
| 4:20 | Crear | Villager (Male) |
| 4:59 | Crear | Villager (Male) |
| 5:18 | Crear | Villager (Male) |
| 5:35 | Crear | Villager (Male) |
| 5:36 | Crear | Villager (Male) |
| 6:02 | Construir | Lumber Camp |
| 6:09 | Construir | Lumber Camp |
| 6:12 | Crear | Villager (Male) |
| 6:41 | Crear | Villager (Male) |
| 7:00 | Crear | Villager (Male) |
| 7:12 | Construir | Mining Camp |
| 7:55 | Investigar | Feudal Age |
| 9:32 | Construir | House |
| 9:33 | Construir | House |
| 9:38 | Crear | Villager (Male) |
| 9:39 | Crear | Villager (Male) |
| 10:08 | Edad | Edad Feudal |
| 10:17 | Construir | Market |
| 10:18 | Construir | Blacksmith |
| 10:41 | Investigar | Double-Bit Axe |
| 10:45 | Construir | Mining Camp |
| 10:53 | Crear | Villager (Male) |
| 10:54 | Crear | Villager (Male) |
| 11:35 | Investigar | Wheelbarrow |
| 11:58 | Crear | Villager (Male) |
| 11:59 | Crear | Villager (Male) |
| 12:16 | Construir | Farm |
| 12:17 | Construir | Farm |
| 12:19 | Construir | Farm |
| 12:21 | Construir | Farm |
| 12:29 | Construir | Farm |
| 12:49 | Construir | Farm |
| 12:54 | Crear | Villager (Male) |
| 12:54 | Crear | Villager (Male) |
| 13:05 | Construir | House |
| 13:19 | Construir | House |
| 14:06 | Construir | Farm |
| 14:07 | Construir | Farm |
| 14:08 | Construir | Farm |
| 14:12 | Construir | Farm |
| 14:19 | Crear | Villager (Male) |
| 14:22 | Construir | Farm |
| 15:03 | Crear | Villager (Male) |
| 15:10 | Crear | Villager (Male) |
| 15:30 | Investigar | Horse Collar |
| 15:54 | Crear | Villager (Male) |
| 16:20 | Construir | Barracks |
| 16:24 | Crear | Villager (Male) |
| 16:46 | Crear | Villager (Male) |
| 17:12 | Crear | Villager (Male) |
| 17:21 | Construir | Archery Range |
| 17:35 | Investigar | Castle Age |
| 17:58 | Investigar | Stone Mining |
| 18:13 | Construir | Archery Range |
| 18:16 | Crear | Archer |
| 18:17 | Crear | Archer |
| 18:17 | Crear | Archer |
| 18:18 | Crear | Archer |
| 18:49 | Construir | House |
| 18:50 | Construir | House |
| 18:51 | Construir | House |
| 18:56 | Crear | Villager (Male) |
| 18:56 | Crear | Villager (Male) |
| 18:56 | Crear | Villager (Male) |
| 19:20 | Crear | Spearman |
| 19:21 | Crear | Spearman |
| 19:21 | Crear | Spearman |
| 19:42 | Crear | Spearman |
| 19:56 | Crear | Archer |
| 19:56 | Crear | Archer |
| 20:00 | Crear | Archer |
| 20:05 | Crear | Spearman |
| 20:08 | Construir | House |
| 20:09 | Construir | House |
| 20:10 | Construir | House |
| 20:19 | Edad | Edad de los Castillos |
| 20:29 | Investigar | Scale Mail Armor |
| 20:36 | Construir | Castle |
| 21:29 | Crear | Villager (Male) |
| 21:29 | Crear | Villager (Male) |
| 21:43 | Construir | Mining Camp |
| 21:54 | Investigar | Pikeman (upgrade) |
| 21:54 | Crear | Spearman |
| 21:55 | Crear | Spearman |
| 21:55 | Crear | Spearman |
| 21:58 | Crear | Spearman |
| 22:03 | Investigar | Gold Mining |
| 22:13 | Crear | Villager (Male) |
| 22:33 | Crear | Spearman |
| 22:33 | Crear | Spearman |
| 22:49 | Crear | Villager (Male) |
| 23:03 | Construir | Siege Workshop |
| 23:18 | Crear | Villager (Male) |
| 23:19 | Crear | Villager (Male) |
| 23:19 | Crear | Villager (Male) |
| 23:22 | Construir | Farm |
| 23:33 | Crear | Battering Ram |
| 23:46 | Crear | Battering Ram |
| 23:54 | Construir | Farm |
| 24:22 | Crear | Villager (Male) |
| 24:24 | Construir | Farm |
| 24:27 | Construir | Farm |
| 24:29 | Construir | Farm |
| 25:08 | Crear | Battering Ram |
| 25:12 | Crear | Mangonel |
| 26:29 | Construir | Castle |
| 26:48 | Construir | Farm |
| 26:48 | Construir | Farm |
| 27:10 | Investigar | Imperial Age |
| 27:35 | Construir | Siege Workshop |
| 27:38 | Construir | Siege Workshop |
| 27:43 | Crear | Villager (Male) |
| 27:43 | Crear | Villager (Male) |
| 27:44 | Crear | Villager (Male) |
| 28:21 | Crear | Mangonel |
| 28:21 | Crear | Mangonel |
| 28:42 | Crear | Mangonel |
| 29:41 | Crear | Mangudai |
| 29:41 | Crear | Mangudai |
| 29:57 | Construir | Siege Workshop |
| 30:05 | Construir | Stone Wall |
| 30:20 | Edad | Edad Imperial |
| 30:23 | Crear | Mangonel |
| 30:24 | Crear | Mangonel |
| 30:30 | Crear | Villager (Male) |
| 30:30 | Crear | Villager (Male) |
| 30:30 | Crear | Villager (Male) |
| 30:35 | Construir | Lumber Camp |
| 31:38 | Crear | Mangonel |
| 31:44 | Construir | House |
| 31:45 | Construir | House |
| 31:46 | Construir | House |
| 31:47 | Construir | House |
Build order — Low Income Barony
Primeras 150 de 228 acciones detectadas
| 0:03 | Construir | House |
| 0:04 | Construir | House |
| 0:06 | Crear | Villager (Male) ×4 |
| 1:29 | Crear | Villager (Male) |
| 1:49 | Construir | Lumber Camp |
| 2:08 | Crear | Villager (Male) |
| 2:33 | Crear | Villager (Male) |
| 3:13 | Crear | Villager (Male) |
| 3:13 | Crear | Villager (Male) |
| 3:13 | Crear | Villager (Male) |
| 3:41 | Construir | Mill |
| 4:09 | Crear | Villager (Male) |
| 4:09 | Crear | Villager (Male) |
| 4:10 | Construir | House |
| 4:30 | Crear | Villager (Male) |
| 4:31 | Crear | Villager (Male) |
| 4:58 | Crear | Villager (Male) |
| 5:39 | Construir | House |
| 5:57 | Crear | Villager (Male) |
| 6:40 | Crear | Villager (Male) |
| 6:40 | Crear | Villager (Male) |
| 6:40 | Crear | Villager (Male) |
| 6:49 | Construir | Mining Camp |
| 6:59 | Construir | Mining Camp |
| 7:54 | Investigar | Feudal Age |
| 8:15 | Construir | Farm |
| 8:15 | Construir | Farm |
| 8:16 | Construir | Farm |
| 9:04 | Crear | Villager (Male) |
| 9:53 | Crear | Villager (Male) |
| 9:53 | Crear | Villager (Male) |
| 9:53 | Crear | Villager (Male) |
| 9:53 | Crear | Villager (Male) |
| 10:05 | Edad | Edad Feudal |
| 10:07 | Construir | Market |
| 10:09 | Investigar | Double-Bit Axe |
| 10:10 | Investigar | Horse Collar |
| 10:24 | Investigar | Gold Mining |
| 11:00 | Construir | House |
| 11:01 | Construir | House |
| 11:02 | Construir | House |
| 11:43 | Investigar | Stone Mining |
| 12:06 | Construir | Blacksmith |
| 12:32 | Construir | Farm |
| 12:36 | Construir | Farm |
| 12:53 | Construir | Farm |
| 12:58 | Construir | Farm |
| 13:04 | Crear | Villager (Male) |
| 13:04 | Crear | Villager (Male) |
| 14:07 | Investigar | Castle Age |
| 14:15 | Construir | Barracks |
| 14:56 | Construir | Stable |
| 15:17 | Construir | Mining Camp |
| 16:47 | Edad | Edad de los Castillos |
| 16:48 | Crear | Unit 1944 |
| 16:50 | Crear | Unit 1944 |
| 16:54 | Construir | Town Center |
| 16:58 | Investigar | Wheelbarrow |
| 17:02 | Investigar | Bow Saw |
| 18:01 | Construir | Farm |
| 18:07 | Crear | Villager (Male) |
| 18:07 | Crear | Villager (Male) |
| 18:28 | Crear | Villager (Male) |
| 18:36 | Construir | Town Center |
| 18:41 | Crear | Villager (Male) |
| 18:49 | Crear | Villager (Male) |
| 18:49 | Crear | Villager (Male) |
| 19:12 | Crear | Villager (Male) |
| 19:13 | Crear | Villager (Male) |
| 19:36 | Crear | Villager (Male) |
| 19:36 | Crear | Villager (Male) |
| 19:41 | Construir | Farm |
| 19:44 | Construir | Farm |
| 20:00 | Construir | Farm |
| 20:01 | Crear | Villager (Male) |
| 20:07 | Construir | Farm |
| 20:11 | Construir | Farm |
| 20:14 | Construir | Farm |
| 20:17 | Crear | Villager (Male) |
| 20:17 | Crear | Villager (Male) |
| 20:17 | Crear | Villager (Male) |
| 20:17 | Crear | Villager (Male) |
| 20:34 | Crear | Villager (Male) |
| 20:46 | Crear | Villager (Male) |
| 21:23 | Investigar | Bloodlines |
| 21:23 | Investigar | Husbandry |
| 21:28 | Construir | Stable |
| 21:29 | Construir | Stable |
| 21:31 | Construir | Stable |
| 21:44 | Crear | Villager (Male) |
| 21:44 | Crear | Villager (Male) |
| 21:44 | Crear | Villager (Male) |
| 21:56 | Crear | Villager (Male) |
| 21:56 | Crear | Villager (Male) |
| 22:01 | Construir | Farm |
| 22:02 | Construir | Farm |
| 22:08 | Construir | Farm |
| 22:09 | Construir | Farm |
| 22:14 | Crear | Villager (Male) |
| 22:21 | Construir | House |
| 22:21 | Construir | House |
| 22:22 | Construir | House |
| 22:22 | Construir | House |
| 22:22 | Construir | House |
| 22:41 | Investigar | Husbandry |
| 23:03 | Crear | Villager (Male) |
| 23:03 | Crear | Villager (Male) |
| 23:13 | Construir | Archery Range |
| 23:15 | Construir | Archery Range |
| 23:17 | Construir | Archery Range |
| 23:26 | Construir | Castle |
| 23:30 | Crear | Villager (Male) |
| 23:30 | Crear | Villager (Male) |
| 23:30 | Crear | Villager (Male) |
| 23:31 | Crear | Villager (Male) |
| 23:35 | Construir | Farm |
| 23:40 | Construir | Farm |
| 23:44 | Construir | Farm |
| 23:45 | Crear | Villager (Male) |
| 23:45 | Crear | Villager (Male) |
| 23:46 | Crear | Villager (Male) |
| 24:07 | Construir | House |
| 24:07 | Construir | House |
| 24:07 | Construir | House |
| 24:08 | Construir | House |
| 24:08 | Construir | House |
| 24:08 | Construir | House |
| 24:11 | Crear | Villager (Male) |
| 24:11 | Crear | Villager (Male) |
| 24:11 | Crear | Villager (Male) |
| 24:11 | Crear | Villager (Male) |
| 24:31 | Construir | Farm |
| 24:35 | Construir | Farm |
| 24:38 | Construir | Farm |
| 24:39 | Crear | Villager (Male) |
| 24:40 | Crear | Villager (Male) |
| 24:40 | Crear | Villager (Male) |
| 25:00 | Crear | Villager (Male) |
| 25:01 | Crear | Villager (Male) |
| 25:12 | Crear | Unit 1944 ×2 |
| 25:12 | Crear | Unit 1944 ×2 |
| 25:24 | Crear | Unit 1944 ×2 |
| 25:24 | Crear | Unit 1944 ×2 |
| 25:24 | Crear | Unit 1944 ×2 |
| 25:39 | Construir | Farm |
| 25:43 | Construir | Farm |
| 25:45 | Investigar | Forging |
| 26:28 | Crear | Unit 1944 ×4 |
| 26:36 | Crear | Unit 1944 ×3 |
| 26:37 | Crear | Unit 1944 ×3 |
Build order — _iamRex_
Primeras 150 de 256 acciones detectadas
| 0:02 | Investigar | Loom |
| 0:02 | Investigar | Loom |
| 0:02 | Crear | Villager (Male) |
| 0:03 | Crear | Villager (Male) |
| 0:03 | Crear | Villager (Male) |
| 0:03 | Crear | Villager (Male) |
| 0:07 | Construir | House |
| 0:08 | Construir | House |
| 0:08 | Construir | House |
| 2:06 | Crear | Villager (Male) |
| 2:32 | Crear | Villager (Male) |
| 2:37 | Construir | Lumber Camp |
| 2:45 | Crear | Villager (Male) |
| 3:19 | Crear | Villager (Male) |
| 3:19 | Crear | Villager (Male) |
| 3:20 | Crear | Villager (Male) |
| 3:59 | Crear | Villager (Male) |
| 4:00 | Crear | Villager (Male) |
| 4:09 | Crear | Villager (Male) |
| 4:59 | Crear | Villager (Male) |
| 5:00 | Crear | Villager (Male) |
| 5:00 | Crear | Villager (Male) |
| 5:00 | Crear | Villager (Male) |
| 5:06 | Construir | House |
| 5:56 | Crear | Villager (Male) |
| 5:57 | Crear | Villager (Male) |
| 5:58 | Crear | Villager (Male) |
| 6:16 | Crear | Villager (Male) |
| 6:37 | Construir | Mill |
| 6:51 | Crear | Villager (Male) |
| 7:13 | Crear | Villager (Male) |
| 7:59 | Construir | Mill |
| 8:40 | Investigar | Feudal Age |
| 9:51 | Construir | Mining Camp |
| 10:07 | Construir | House |
| 10:30 | Crear | Villager (Male) |
| 10:30 | Crear | Villager (Male) |
| 10:46 | Construir | Farm |
| 10:47 | Construir | Farm |
| 10:57 | Edad | Edad Feudal |
| 10:59 | Construir | Market |
| 11:12 | Crear | Villager (Male) |
| 11:22 | Construir | Farm |
| 11:26 | Construir | Farm |
| 11:42 | Crear | Villager (Male) |
| 12:00 | Construir | Blacksmith |
| 12:27 | Construir | Farm |
| 12:36 | Crear | Villager (Male) |
| 12:43 | Construir | Farm |
| 12:45 | Crear | Villager (Male) |
| 12:49 | Construir | House |
| 13:07 | Construir | Farm |
| 13:10 | Crear | Villager (Male) |
| 13:25 | Construir | House |
| 13:32 | Construir | Farm |
| 13:36 | Crear | Villager (Male) |
| 14:00 | Construir | House |
| 14:03 | Crear | Villager (Male) |
| 14:05 | Construir | Farm |
| 14:34 | Investigar | Castle Age |
| 15:03 | Investigar | Double-Bit Axe |
| 15:15 | Investigar | Horse Collar |
| 15:15 | Investigar | Horse Collar |
| 15:20 | Construir | Barracks |
| 15:45 | Investigar | Gold Mining |
| 16:13 | Construir | Barracks |
| 16:16 | Crear | Eagle Scout |
| 16:20 | Crear | Eagle Scout |
| 16:30 | Investigar | Forging |
| 17:02 | Crear | Villager (Male) |
| 17:15 | Construir | House |
| 17:17 | Crear | Eagle Scout |
| 17:19 | Crear | Eagle Scout |
| 17:22 | Edad | Edad de los Castillos |
| 17:24 | Crear | Villager (Male) |
| 17:31 | Construir | Town Center |
| 18:06 | Crear | Villager (Male) |
| 18:14 | Construir | Monastery |
| 18:16 | Crear | Villager (Male) |
| 18:18 | Crear | Villager (Male) |
| 18:20 | Crear | Villager (Male) |
| 18:33 | Investigar | Scale Mail Armor |
| 18:33 | Investigar | Scale Mail Armor |
| 18:33 | Investigar | Scale Mail Armor |
| 18:43 | Crear | Villager (Male) |
| 18:44 | Crear | Villager (Male) |
| 18:56 | Crear | Eagle Scout |
| 18:56 | Crear | Eagle Scout |
| 19:01 | Construir | House |
| 19:02 | Construir | House |
| 19:04 | Crear | Monk |
| 19:36 | Crear | Eagle Scout |
| 19:36 | Crear | Eagle Scout |
| 19:39 | Investigar | Fervor |
| 19:40 | Crear | Monk |
| 19:45 | Construir | Monastery |
| 19:48 | Crear | Villager (Male) |
| 19:48 | Crear | Villager (Male) |
| 19:51 | Crear | Villager (Male) |
| 19:51 | Crear | Villager (Male) |
| 19:55 | Construir | Town Center |
| 20:20 | Construir | Farm |
| 20:24 | Construir | House |
| 20:31 | Crear | Villager (Male) |
| 20:32 | Crear | Villager (Male) |
| 20:56 | Crear | Villager (Male) |
| 20:56 | Crear | Villager (Male) |
| 21:00 | Construir | House |
| 21:03 | Crear | Villager (Male) |
| 21:13 | Crear | Monk |
| 21:37 | Construir | Barracks |
| 21:40 | Crear | Villager (Male) |
| 21:40 | Crear | Villager (Male) |
| 21:41 | Crear | Villager (Male) |
| 21:43 | Crear | Eagle Scout |
| 21:44 | Crear | Eagle Scout |
| 22:06 | Crear | Villager (Male) |
| 22:06 | Crear | Villager (Male) |
| 22:24 | Crear | Monk |
| 22:26 | Crear | Monk |
| 22:47 | Construir | Town Center |
| 22:49 | Crear | Villager (Male) |
| 22:49 | Crear | Villager (Male) |
| 23:30 | Investigar | Chain Mail Armor |
| 23:30 | Investigar | Chain Mail Armor |
| 23:39 | Construir | Town Center |
| 23:42 | Crear | Eagle Scout |
| 24:35 | Investigar | Eagle Warrior (upgrade) |
| 24:35 | Investigar | Eagle Warrior (upgrade) |
| 24:40 | Crear | Eagle Scout |
| 24:41 | Crear | Eagle Scout |
| 24:49 | Crear | Eagle Scout |
| 24:50 | Crear | Eagle Scout |
| 25:27 | Crear | Eagle Scout |
| 25:28 | Crear | Eagle Scout |
| 25:29 | Crear | Eagle Scout |
| 25:30 | Crear | Eagle Scout |
| 25:31 | Crear | Eagle Scout |
| 26:13 | Crear | Monk |
| 26:13 | Crear | Monk |
| 26:19 | Crear | Eagle Scout |
| 26:20 | Crear | Eagle Scout |
| 26:21 | Crear | Eagle Scout |
| 26:22 | Crear | Eagle Scout |
| 26:22 | Crear | Eagle Scout |
| 26:23 | Crear | Eagle Scout |
| 26:23 | Crear | Eagle Scout |
| 26:24 | Crear | Eagle Scout |
| 26:24 | Crear | Eagle Scout |
| 26:24 | Crear | Eagle Scout |
Build order — GlaudCrashSTIX|FOBOS
135 acciones detectadas en el replay
| 0:08 | Crear | Villager (Male) ×4 |
| 0:15 | Construir | House |
| 0:17 | Construir | House |
| 0:18 | Construir | House |
| 0:28 | Construir | House |
| 0:29 | Construir | House |
| 0:30 | Construir | House |
| 0:31 | Construir | House |
| 0:43 | Investigar | Loom |
| 0:44 | Crear | Villager (Male) ×3 |
| 1:47 | Crear | Villager (Male) |
| 2:10 | Construir | Mill |
| 2:31 | Crear | Villager (Male) |
| 3:02 | Crear | Villager (Male) |
| 3:27 | Crear | Villager (Male) |
| 4:11 | Crear | Villager (Male) |
| 4:29 | Crear | Villager (Male) |
| 4:42 | Crear | Villager (Male) |
| 5:18 | Crear | Villager (Male) |
| 5:42 | Crear | Villager (Male) |
| 5:46 | Crear | Villager (Male) |
| 6:15 | Construir | Lumber Camp |
| 6:42 | Crear | Villager (Male) |
| 7:09 | Crear | Villager (Male) |
| 7:26 | Crear | Villager (Male) |
| 7:26 | Crear | Villager (Male) |
| 8:26 | Investigar | Feudal Age |
| 8:39 | Construir | House |
| 8:40 | Construir | House |
| 9:53 | Construir | Mining Camp |
| 10:36 | Edad | Edad Feudal |
| 10:36 | Investigar | Double-Bit Axe |
| 10:40 | Crear | Villager (Male) |
| 10:40 | Crear | Villager (Male) |
| 11:00 | Construir | Mining Camp |
| 11:19 | Crear | Villager (Male) |
| 11:34 | Investigar | Tech 1014 |
| 11:41 | Crear | Villager (Male) |
| 11:49 | Construir | Pasture |
| 12:10 | Construir | Blacksmith |
| 12:17 | Crear | Villager (Male) |
| 12:41 | Crear | Villager (Male) |
| 12:57 | Construir | Pasture |
| 13:10 | Crear | Villager (Male) |
| 13:17 | Crear | Villager (Male) |
| 13:48 | Construir | Market |
| 13:56 | Crear | Villager (Male) |
| 14:13 | Investigar | Tech 1014 |
| 14:38 | Construir | House |
| 14:48 | Construir | Pasture |
| 15:07 | Crear | Villager (Male) |
| 15:16 | Construir | House |
| 15:40 | Investigar | Castle Age |
| 15:47 | Construir | Barracks |
| 16:07 | Construir | Pasture |
| 16:18 | Investigar | Stone Mining |
| 16:53 | Construir | Pasture |
| 17:07 | Investigar | Scale Mail Armor |
| 17:37 | Construir | Archery Range |
| 18:10 | Crear | Villager (Male) |
| 18:10 | Crear | Villager (Male) |
| 18:20 | Edad | Edad de los Castillos |
| 18:24 | Construir | Castle |
| 18:29 | Construir | Pasture |
| 18:31 | Crear | Villager (Male) |
| 18:31 | Crear | Villager (Male) |
| 18:33 | Investigar | Bow Saw |
| 19:40 | Construir | Siege Workshop |
| 19:42 | Crear | Villager (Male) |
| 20:11 | Investigar | Elite Skirmisher (upgrade) |
| 20:19 | Crear | Villager (Male) |
| 20:46 | Investigar | Gambesons |
| 20:58 | Crear | Battering Ram |
| 21:01 | Crear | Unit 1920 ×5 |
| 21:14 | Crear | Battering Ram |
| 21:38 | Investigar | Gold Mining |
| 21:48 | Crear | Skirmisher ×4 |
| 22:05 | Crear | Villager (Male) |
| 22:06 | Crear | Villager (Male) |
| 22:15 | Crear | Unit 1920 ×2 |
| 22:23 | Investigar | Fletching |
| 22:32 | Investigar | Padded Archer Armor |
| 22:48 | Crear | Unit 1920 ×2 |
| 23:01 | Construir | University |
| 23:14 | Investigar | Forging |
| 23:17 | Crear | Villager (Male) |
| 23:18 | Crear | Villager (Male) |
| 23:36 | Crear | Skirmisher ×4 |
| 23:53 | Crear | Battering Ram |
| 24:08 | Crear | Unit 1920 |
| 24:13 | Crear | Skirmisher ×5 |
| 24:47 | Construir | House |
| 24:48 | Construir | House |
| 24:50 | Construir | House |
| 24:51 | Construir | House |
| 24:52 | Construir | House |
| 25:35 | Crear | Unit 1920 ×4 |
| 26:08 | Investigar | Fortified Wall (upgrade) |
| 26:26 | Crear | Battering Ram |
| 26:37 | Construir | Castle |
| 26:42 | Crear | Villager (Male) ×5 |
| 27:21 | Crear | Battering Ram |
| 27:26 | Crear | Unit 1920 ×2 |
| 28:52 | Crear | Skirmisher ×5 |
| 28:56 | Construir | Archery Range |
| 29:02 | Investigar | Chain Mail Armor |
| 29:11 | Crear | Unit 1920 ×2 |
| 29:32 | Crear | Battering Ram |
| 29:51 | Investigar | Arson |
| 30:15 | Crear | Skirmisher ×5 |
| 31:12 | Construir | Mining Camp |
| 31:15 | Crear | Villager (Male) |
| 31:15 | Crear | Villager (Male) |
| 31:21 | Construir | Pasture |
| 31:23 | Construir | Pasture |
| 31:25 | Construir | Pasture |
| 31:57 | Construir | Town Center |
| 32:06 | Construir | Lumber Camp |
| 32:14 | Construir | Mining Camp |
| 32:51 | Crear | Skirmisher ×5 |
| 34:06 | Investigar | Squires |
| 34:12 | Investigar | Iron Casting |
| 34:16 | Crear | Villager (Male) |
| 34:16 | Crear | Villager (Male) |
| 34:16 | Crear | Villager (Male) |
| 34:22 | Construir | Pasture |
| 34:24 | Construir | Pasture |
| 34:30 | Investigar | Wheelbarrow |
| 34:33 | Crear | Villager (Male) |
| 34:33 | Crear | Villager (Male) |
| 34:37 | Crear | Villager (Male) |
| 34:37 | Crear | Villager (Male) |
| 34:55 | Crear | Skirmisher ×5 |
| 34:57 | Crear | Skirmisher ×5 |
| 35:02 | Investigar | Fletching |
Build order — Joker
Primeras 150 de 257 acciones detectadas
| 0:14 | Construir | House |
| 0:14 | Construir | House |
| 0:19 | Crear | Villager (Male) ×4 |
| 1:06 | Construir | Lumber Camp |
| 1:50 | Crear | Villager (Male) |
| 2:36 | Crear | Villager (Male) |
| 2:37 | Crear | Villager (Male) |
| 2:58 | Crear | Villager (Male) |
| 2:58 | Crear | Villager (Male) |
| 3:10 | Construir | House |
| 3:11 | Construir | House |
| 3:13 | Construir | House |
| 3:14 | Construir | House |
| 3:20 | Crear | Villager (Male) |
| 3:20 | Crear | Villager (Male) |
| 3:38 | Crear | Villager (Male) |
| 3:39 | Crear | Villager (Male) |
| 4:05 | Crear | Villager (Male) |
| 4:05 | Crear | Villager (Male) |
| 4:43 | Crear | Villager (Male) |
| 4:53 | Construir | House |
| 4:55 | Construir | House |
| 5:27 | Crear | Villager (Male) |
| 5:27 | Crear | Villager (Male) |
| 5:40 | Crear | Villager (Male) |
| 5:40 | Crear | Villager (Male) |
| 5:40 | Crear | Villager (Male) |
| 5:41 | Crear | Villager (Male) |
| 5:41 | Crear | Villager (Male) |
| 6:10 | Crear | Villager (Male) |
| 6:52 | Crear | Villager (Male) |
| 6:53 | Crear | Villager (Male) |
| 7:00 | Construir | Mill |
| 7:29 | Construir | Mill |
| 8:36 | Construir | Mill |
| 8:45 | Investigar | Feudal Age |
| 10:02 | Crear | Villager (Male) |
| 10:03 | Crear | Villager (Male) |
| 10:03 | Crear | Villager (Male) |
| 10:57 | Edad | Edad Feudal |
| 11:05 | Investigar | Horse Collar |
| 11:07 | Investigar | Double-Bit Axe |
| 11:13 | Crear | Villager (Male) |
| 11:37 | Construir | Mining Camp |
| 11:55 | Crear | Villager (Male) |
| 11:55 | Crear | Villager (Male) |
| 12:05 | Construir | Farm |
| 12:05 | Construir | Farm |
| 12:05 | Construir | Farm |
| 12:10 | Construir | Farm |
| 12:10 | Construir | Farm |
| 12:27 | Construir | Farm |
| 12:27 | Construir | Farm |
| 12:28 | Construir | Farm |
| 12:28 | Construir | Farm |
| 12:29 | Construir | Farm |
| 12:35 | Crear | Villager (Male) |
| 12:36 | Crear | Villager (Male) |
| 13:16 | Construir | Farm |
| 13:16 | Construir | Farm |
| 13:17 | Construir | Farm |
| 13:23 | Crear | Villager (Male) |
| 14:27 | Crear | Villager (Male) |
| 14:27 | Crear | Villager (Male) |
| 14:46 | Construir | Farm |
| 14:46 | Construir | Farm |
| 14:46 | Construir | Farm |
| 14:46 | Construir | Farm |
| 14:47 | Construir | Farm |
| 14:50 | Construir | Farm |
| 14:58 | Crear | Villager (Male) |
| 15:05 | Construir | Blacksmith |
| 15:19 | Crear | Villager (Male) |
| 15:52 | Crear | Villager (Male) |
| 16:00 | Construir | Mining Camp |
| 16:11 | Construir | Market |
| 16:25 | Crear | Villager (Male) |
| 16:26 | Crear | Villager (Male) |
| 16:37 | Investigar | Stone Mining |
| 16:41 | Investigar | Gold Mining |
| 16:47 | Investigar | Forging |
| 17:32 | Construir | Farm |
| 17:37 | Investigar | Castle Age |
| 19:09 | Crear | Villager (Male) |
| 19:09 | Crear | Villager (Male) |
| 19:09 | Crear | Villager (Male) |
| 19:11 | Investigar | Loom |
| 19:51 | Construir | Mining Camp |
| 20:17 | Edad | Edad de los Castillos |
| 20:34 | Construir | Town Center |
| 20:45 | Construir | House |
| 20:46 | Construir | House |
| 20:47 | Construir | House |
| 20:49 | Construir | House |
| 20:50 | Construir | House |
| 20:51 | Construir | House |
| 20:53 | Construir | House |
| 20:54 | Construir | House |
| 21:09 | Crear | Villager (Male) |
| 21:10 | Crear | Villager (Male) |
| 21:46 | Crear | Villager (Male) |
| 21:46 | Crear | Villager (Male) |
| 21:56 | Crear | Villager (Male) ×5 |
| 21:57 | Crear | Villager (Male) ×5 |
| 21:58 | Investigar | Wheelbarrow |
| 21:59 | Investigar | Town Watch |
| 22:15 | Investigar | Iron Casting |
| 22:15 | Investigar | Scale Mail Armor |
| 22:22 | Construir | Barracks |
| 22:37 | Investigar | Wheelbarrow |
| 22:53 | Investigar | Pikeman (upgrade) |
| 22:53 | Crear | Spearman |
| 22:54 | Crear | Spearman |
| 22:54 | Crear | Spearman |
| 22:54 | Crear | Spearman |
| 22:55 | Crear | Spearman |
| 22:59 | Investigar | Squires |
| 23:00 | Crear | Spearman |
| 23:00 | Crear | Spearman |
| 23:01 | Crear | Spearman |
| 23:44 | Construir | House |
| 23:45 | Construir | House |
| 23:46 | Construir | House |
| 24:10 | Construir | Castle |
| 24:36 | Construir | Town Center |
| 24:46 | Investigar | Hand Cart |
| 24:47 | Crear | Villager (Male) |
| 24:47 | Crear | Villager (Male) |
| 25:36 | Construir | Farm |
| 25:48 | Crear | Villager (Male) ×5 |
| 26:03 | Crear | Villager (Male) |
| 26:03 | Crear | Villager (Male) |
| 26:20 | Construir | Farm |
| 26:25 | Crear | Villager (Male) |
| 26:25 | Crear | Villager (Male) |
| 26:30 | Crear | Villager (Male) |
| 26:31 | Crear | Villager (Male) |
| 26:38 | Crear | Villager (Male) |
| 26:38 | Crear | Villager (Male) |
| 26:38 | Crear | Villager (Male) |
| 26:44 | Construir | Farm |
| 26:47 | Construir | Farm |
| 26:47 | Construir | Farm |
| 26:49 | Construir | Farm |
| 26:49 | Construir | Farm |
| 26:49 | Construir | Farm |
| 27:19 | Crear | Villager (Male) |
| 27:19 | Crear | Villager (Male) |
| 27:23 | Construir | Farm |
| 27:24 | Construir | Farm |
Build order — 只爆叉叉
Primeras 150 de 332 acciones detectadas
| 0:07 | Crear | Villager (Male) |
| 0:07 | Crear | Villager (Male) |
| 0:07 | Crear | Villager (Male) |
| 0:07 | Crear | Villager (Male) |
| 1:44 | Crear | Villager (Male) |
| 1:45 | Crear | Villager (Male) |
| 2:04 | Crear | Villager (Male) |
| 2:10 | Crear | Villager (Male) |
| 2:19 | Construir | Lumber Camp |
| 3:17 | Crear | Villager (Male) |
| 3:17 | Crear | Villager (Male) |
| 3:17 | Crear | Villager (Male) |
| 4:03 | Crear | Villager (Male) |
| 4:04 | Crear | Villager (Male) |
| 4:24 | Crear | Villager (Male) |
| 5:12 | Construir | Mill |
| 5:15 | Crear | Villager (Male) |
| 5:15 | Crear | Villager (Male) |
| 5:15 | Crear | Villager (Male) |
| 5:16 | Crear | Villager (Male) |
| 5:47 | Crear | Villager (Male) |
| 5:47 | Crear | Villager (Male) |
| 6:25 | Crear | Villager (Male) |
| 6:26 | Crear | Villager (Male) |
| 6:26 | Crear | Villager (Male) |
| 6:26 | Crear | Villager (Male) |
| 6:45 | Construir | Mining Camp |
| 7:11 | Crear | Villager (Male) |
| 7:30 | Construir | Farm |
| 7:48 | Construir | Farm |
| 7:56 | Construir | Farm |
| 8:17 | Crear | Villager (Male) |
| 8:20 | Construir | Farm |
| 9:06 | Investigar | Feudal Age |
| 9:27 | Crear | Villager (Male) |
| 9:27 | Crear | Villager (Male) |
| 11:17 | Edad | Edad Feudal |
| 11:19 | Construir | Market |
| 11:21 | Construir | Barracks |
| 11:26 | Construir | Blacksmith |
| 11:33 | Investigar | Double-Bit Axe |
| 11:57 | Construir | Lumber Camp |
| 12:10 | Investigar | Castle Age |
| 12:11 | Investigar | Castle Age |
| 12:32 | Investigar | Horse Collar |
| 13:17 | Crear | Villager (Male) |
| 13:18 | Crear | Villager (Male) |
| 13:49 | Crear | Villager (Male) |
| 14:50 | Edad | Edad de los Castillos |
| 14:55 | Construir | Town Center |
| 15:01 | Construir | Town Center |
| 15:15 | Investigar | Bow Saw |
| 15:23 | Construir | Monastery |
| 15:36 | Investigar | Heavy Plow |
| 16:14 | Construir | Farm |
| 16:17 | Construir | Farm |
| 16:19 | Construir | Farm |
| 16:20 | Crear | Villager (Male) |
| 16:20 | Crear | Villager (Male) |
| 16:27 | Crear | Monk |
| 16:27 | Crear | Monk |
| 16:27 | Crear | Monk |
| 16:46 | Construir | Farm |
| 16:47 | Construir | Farm |
| 16:50 | Construir | Farm |
| 16:50 | Construir | Farm |
| 16:53 | Construir | Farm |
| 16:54 | Crear | Villager (Male) |
| 16:55 | Crear | Villager (Male) |
| 16:57 | Crear | Monk |
| 17:12 | Crear | Villager (Male) |
| 17:12 | Crear | Villager (Male) |
| 17:36 | Construir | Farm |
| 17:37 | Crear | Villager (Male) |
| 17:40 | Construir | Farm |
| 17:45 | Crear | Villager (Male) |
| 17:45 | Crear | Villager (Male) |
| 17:53 | Crear | Villager (Male) |
| 17:53 | Crear | Villager (Male) |
| 18:06 | Crear | Villager (Male) |
| 18:06 | Crear | Villager (Male) |
| 18:07 | Crear | Villager (Male) |
| 18:08 | Crear | Villager (Male) |
| 18:17 | Construir | Farm |
| 18:29 | Crear | Villager (Male) |
| 18:30 | Crear | Villager (Male) |
| 18:30 | Crear | Villager (Male) |
| 18:34 | Construir | Farm |
| 18:38 | Crear | Villager (Male) |
| 18:38 | Crear | Villager (Male) |
| 18:44 | Construir | Farm |
| 18:47 | Construir | Farm |
| 18:51 | Construir | Farm |
| 18:52 | Crear | Villager (Male) |
| 18:52 | Crear | Villager (Male) |
| 18:57 | Construir | Farm |
| 19:01 | Crear | Villager (Male) |
| 19:02 | Crear | Villager (Male) |
| 19:04 | Construir | Farm |
| 19:09 | Construir | Farm |
| 19:09 | Crear | Villager (Male) |
| 19:10 | Crear | Villager (Male) |
| 19:22 | Crear | Villager (Male) |
| 19:23 | Crear | Villager (Male) |
| 19:31 | Construir | Farm |
| 19:33 | Crear | Villager (Male) |
| 19:56 | Crear | Villager (Male) |
| 19:56 | Crear | Villager (Male) |
| 19:56 | Crear | Villager (Male) |
| 19:57 | Crear | Villager (Male) |
| 19:59 | Crear | Monk |
| 20:00 | Crear | Villager (Male) |
| 20:01 | Crear | Villager (Male) |
| 20:05 | Construir | Farm |
| 20:06 | Construir | Farm |
| 20:07 | Crear | Villager (Male) |
| 20:08 | Crear | Villager (Male) |
| 20:11 | Construir | Farm |
| 20:13 | Construir | Farm |
| 20:14 | Crear | Villager (Male) |
| 20:14 | Crear | Villager (Male) |
| 20:23 | Construir | Town Center |
| 20:34 | Crear | Villager (Male) |
| 20:34 | Crear | Villager (Male) |
| 20:35 | Crear | Villager (Male) |
| 20:35 | Crear | Villager (Male) |
| 20:44 | Crear | Villager (Male) |
| 20:45 | Crear | Villager (Male) |
| 20:50 | Construir | Farm |
| 20:51 | Construir | Farm |
| 21:01 | Crear | Monk |
| 21:02 | Crear | Villager (Male) |
| 21:02 | Crear | Villager (Male) |
| 21:02 | Crear | Villager (Male) |
| 21:03 | Crear | Villager (Male) |
| 21:03 | Crear | Villager (Male) |
| 21:05 | Construir | Farm |
| 21:18 | Construir | Town Center |
| 21:19 | Investigar | Loom |
| 21:29 | Crear | Villager (Male) |
| 21:29 | Crear | Villager (Male) |
| 21:30 | Crear | Villager (Male) |
| 21:35 | Crear | Villager (Male) |
| 21:35 | Crear | Villager (Male) |
| 21:43 | Crear | Villager (Male) |
| 21:43 | Crear | Villager (Male) |
| 21:49 | Construir | Farm |
| 21:50 | Construir | Farm |
| 21:55 | Construir | Farm |
| 21:56 | Construir | Farm |
Build order — M4A1
Primeras 150 de 431 acciones detectadas
| 0:04 | Crear | Villager (Male) |
| 0:06 | Crear | Villager (Male) |
| 0:06 | Crear | Villager (Male) |
| 0:06 | Crear | Villager (Male) |
| 0:09 | Construir | House |
| 0:12 | Construir | House |
| 1:32 | Crear | Villager (Male) |
| 1:32 | Crear | Villager (Male) |
| 1:32 | Crear | Villager (Male) |
| 1:55 | Construir | Lumber Camp |
| 2:15 | Crear | Villager (Male) |
| 2:15 | Crear | Villager (Male) |
| 2:15 | Crear | Villager (Male) |
| 2:15 | Crear | Villager (Male) |
| 2:15 | Crear | Villager (Male) |
| 2:15 | Crear | Villager (Male) |
| 2:15 | Crear | Villager (Male) |
| 2:16 | Crear | Villager (Male) |
| 2:16 | Crear | Villager (Male) |
| 2:16 | Crear | Villager (Male) |
| 2:19 | Construir | House |
| 2:22 | Construir | House |
| 2:32 | Crear | Villager (Male) |
| 2:32 | Crear | Villager (Male) |
| 2:32 | Crear | Villager (Male) |
| 2:32 | Crear | Villager (Male) |
| 2:36 | Crear | Villager (Male) |
| 2:50 | Construir | Mill |
| 3:05 | Crear | Villager (Male) |
| 3:05 | Crear | Villager (Male) |
| 3:05 | Crear | Villager (Male) |
| 3:05 | Crear | Villager (Male) |
| 3:31 | Crear | Villager (Male) |
| 3:31 | Crear | Villager (Male) |
| 4:07 | Crear | Villager (Male) |
| 4:07 | Crear | Villager (Male) |
| 4:07 | Crear | Villager (Male) |
| 4:07 | Crear | Villager (Male) |
| 4:07 | Crear | Villager (Male) |
| 4:07 | Crear | Villager (Male) |
| 4:07 | Crear | Villager (Male) |
| 4:28 | Crear | Villager (Male) |
| 4:29 | Crear | Villager (Male) |
| 4:29 | Crear | Villager (Male) |
| 4:29 | Crear | Villager (Male) |
| 5:05 | Crear | Villager (Male) |
| 5:06 | Crear | Villager (Male) |
| 5:06 | Crear | Villager (Male) |
| 5:06 | Crear | Villager (Male) |
| 5:06 | Crear | Villager (Male) |
| 5:07 | Crear | Villager (Male) |
| 5:07 | Crear | Villager (Male) |
| 5:08 | Crear | Villager (Male) |
| 6:08 | Crear | Villager (Male) |
| 6:08 | Crear | Villager (Male) |
| 6:09 | Crear | Villager (Male) |
| 6:09 | Crear | Villager (Male) |
| 6:09 | Crear | Villager (Male) |
| 6:09 | Crear | Villager (Male) |
| 6:54 | Crear | Villager (Male) |
| 6:54 | Crear | Villager (Male) |
| 7:00 | Construir | Mining Camp |
| 7:14 | Crear | Villager (Male) |
| 7:14 | Crear | Villager (Male) |
| 7:15 | Crear | Villager (Male) |
| 7:27 | Crear | Villager (Male) |
| 7:29 | Crear | Villager (Male) |
| 7:29 | Crear | Villager (Male) |
| 8:05 | Crear | Villager (Male) |
| 9:14 | Investigar | Feudal Age |
| 9:14 | Investigar | Feudal Age |
| 9:55 | Construir | House |
| 10:17 | Construir | Farm |
| 10:36 | Crear | Villager (Male) |
| 10:36 | Crear | Villager (Male) |
| 10:56 | Construir | House |
| 11:07 | Construir | Farm |
| 11:10 | Construir | Farm |
| 11:24 | Edad | Edad Feudal |
| 11:31 | Construir | Market |
| 11:41 | Construir | Blacksmith |
| 12:12 | Crear | Villager (Male) |
| 12:27 | Construir | Mining Camp |
| 12:30 | Investigar | Castle Age |
| 12:30 | Investigar | Castle Age |
| 12:47 | Construir | Farm |
| 12:52 | Construir | Farm |
| 12:53 | Investigar | Double-Bit Axe |
| 13:22 | Construir | Farm |
| 13:33 | Investigar | Horse Collar |
| 13:46 | Crear | Villager (Male) |
| 13:46 | Crear | Villager (Male) |
| 14:27 | Construir | Farm |
| 14:51 | Construir | Farm |
| 14:58 | Construir | Farm |
| 15:10 | Crear | Villager (Male) |
| 15:19 | Edad | Edad de los Castillos |
| 15:22 | Construir | Town Center |
| 15:55 | Construir | Town Center |
| 16:01 | Crear | Villager (Male) |
| 16:01 | Crear | Villager (Male) |
| 16:10 | Construir | Farm |
| 16:10 | Construir | Farm |
| 16:28 | Crear | Villager (Male) |
| 16:30 | Crear | Villager (Male) |
| 16:51 | Construir | Farm |
| 16:51 | Construir | Farm |
| 16:54 | Crear | Villager (Male) |
| 16:54 | Crear | Villager (Male) |
| 16:54 | Crear | Villager (Male) |
| 17:01 | Construir | Farm |
| 17:23 | Construir | Farm |
| 17:26 | Construir | Farm |
| 17:34 | Construir | House |
| 17:36 | Crear | Villager (Male) |
| 17:36 | Crear | Villager (Male) |
| 17:36 | Crear | Villager (Male) |
| 17:36 | Crear | Villager (Male) |
| 17:48 | Construir | Farm |
| 17:50 | Construir | Farm |
| 17:54 | Construir | Farm |
| 17:54 | Construir | Farm |
| 17:54 | Construir | Farm |
| 17:54 | Construir | Farm |
| 17:59 | Crear | Villager (Male) |
| 17:59 | Crear | Villager (Male) |
| 18:02 | Crear | Villager (Male) |
| 18:07 | Construir | Farm |
| 18:10 | Construir | Farm |
| 18:10 | Construir | Farm |
| 18:10 | Construir | Farm |
| 18:11 | Construir | Farm |
| 18:11 | Construir | Farm |
| 18:11 | Construir | Farm |
| 18:23 | Construir | House |
| 18:27 | Crear | Villager (Male) |
| 18:27 | Crear | Villager (Male) |
| 18:27 | Crear | Villager (Male) |
| 18:27 | Crear | Villager (Male) |
| 18:27 | Crear | Villager (Male) |
| 18:29 | Construir | Farm |
| 18:32 | Construir | Farm |
| 18:38 | Crear | Villager (Male) |
| 18:38 | Crear | Villager (Male) |
| 18:38 | Crear | Villager (Male) |
| 18:38 | Crear | Villager (Male) |
| 18:38 | Crear | Villager (Male) |
| 18:38 | Crear | Villager (Male) |
| 18:58 | Construir | House |
| 18:58 | Construir | House |
Cronología de la partida
| 10:05 | Low Income Barony · age_up feudal |
| 10:08 | GoroGorito · age_up feudal |
| 10:36 | GlaudCrashSTIX|FOBOS · age_up feudal |
| 10:57 | Joker · age_up feudal |
| 10:57 | _iamRex_ · age_up feudal |
| 11:17 | 只爆叉叉 · age_up feudal |
| 11:21 | 只爆叉叉 · first_building Barracks |
| 11:24 | M4A1 · age_up feudal |
| 11:49 | Donald Trump · age_up feudal |
| 12:19 | Low Income Barony · first_market_sell 100 stone |
| 12:20 | Low Income Barony · first_market_buy 100 food |
| 14:15 | Low Income Barony · first_building Barracks |
| 14:26 | _iamRex_ · first_market_buy 100 food |
| 14:50 | 只爆叉叉 · age_up castle |
| 14:56 | Low Income Barony · first_building Stable |
| 15:04 | GlaudCrashSTIX|FOBOS · first_market_buy 100 food |
| 15:19 | M4A1 · age_up castle |
| 15:20 | _iamRex_ · first_building Barracks |
| 15:23 | 只爆叉叉 · first_building Monastery |
| 15:44 | Donald Trump · age_up castle |
| 15:47 | GlaudCrashSTIX|FOBOS · first_building Barracks |
| 16:20 | GoroGorito · first_building Barracks |
| 16:47 | Low Income Barony · age_up castle |
| 17:18 | Donald Trump · first_building Castle |
| 17:21 | GoroGorito · first_building Archery Range |
| 17:22 | _iamRex_ · age_up castle |
| 17:37 | GlaudCrashSTIX|FOBOS · first_building Archery Range |
| 18:05 | 只爆叉叉 · first_market_buy 100 food |
| 18:07 | Donald Trump · wall_segment Stone Wall x1 |
| 18:14 | _iamRex_ · first_building Monastery |
| 18:20 | GlaudCrashSTIX|FOBOS · age_up castle |
| 18:24 | GlaudCrashSTIX|FOBOS · first_building Castle |
| 19:40 | GlaudCrashSTIX|FOBOS · first_building Siege Workshop |
| 20:17 | Joker · age_up castle |
| 20:19 | GoroGorito · age_up castle |
| 20:36 | GoroGorito · first_building Castle |
| 20:38 | Donald Trump · first_building Siege Workshop |
| 20:56 | M4A1 · first_building Castle |
| 22:07 | M4A1 · first_building Siege Workshop |
| 22:22 | Joker · first_building Barracks |
| 22:38 | _iamRex_ · first_market_sell 100 wood |
| 22:56 | M4A1 · first_building Barracks |
| 23:03 | GoroGorito · first_building Siege Workshop |
| 23:13 | Low Income Barony · first_building Archery Range |
| 23:26 | Low Income Barony · first_building Castle |
| 23:35 | M4A1 · wall_segment Stone Wall x3 |
| 24:10 | Joker · first_building Castle |
| 25:34 | Donald Trump · first_building Monastery |
| 26:33 | Donald Trump · first_building Barracks |
| 27:00 | 只爆叉叉 · first_building Castle |
| 27:06 | GoroGorito · first_market_sell 100 food |
| 27:06 | M4A1 · wall_segment Stone Wall x1 |
| 27:59 | Joker · first_building Siege Workshop |
| 28:20 | Donald Trump · first_building Stable |
| 28:51 | 只爆叉叉 · first_building Stable |
| 30:05 | GoroGorito · wall_segment Stone Wall x5 |
| 30:15 | 只爆叉叉 · age_up imperial |
| 30:20 | GoroGorito · age_up imperial |
| 30:57 | M4A1 · age_up imperial |
| 32:11 | Joker · wall_segment Stone Wall x4 |
| 32:31 | Joker · wall_segment Stone Wall x5 |
| 33:12 | Joker · wall_segment Stone Wall x6 |
| 33:35 | Low Income Barony · age_up imperial |
| 33:36 | GoroGorito · first_market_buy 100 wood |
| 33:55 | GoroGorito · wall_segment Stone Wall x4 |
| 34:19 | _iamRex_ · first_building Castle |
| 34:40 | Donald Trump · first_building Archery Range |
| 34:41 | Joker · age_up imperial |
| 35:56 | _iamRex_ · resign |
[ ANÁLISIS IA · 1 CRÉDITO ]
¿Qué pasó realmente en esta partida?
Wolo.gg analiza cada decisión: build order, eco, micro, errores típicos por bracket. Análisis personalizado por WhatsApp o Discord en 30 segundos.
Guía civ
Bengalíes
Perfil
Jugador #3353971